 Dungeon Crawl Stone Soup version 0.18.1-6-gd335043 (webtiles) character file.

217 epen the Sneak (level 5, -4/26 HPs)
             Began as a Spriggan Assassin on May 20, 2016.
             Killed by nerve-wracking pain
             ... invoked by Grinder
              (11 damage)
             ... on level 4 of the Dungeon.
             The game lasted 00:08:44 (4364 turns).

epen the Sneak (Spriggan Assassin)                  Turns: 4364, Time: 00:08:45

Health: -4/26      AC:  3    Str:  7    XL:     5   Next: 61%
Magic:  8/8        EV: 19    Int: 12    God:
Gold:   195        SH:  0    Dex: 19    Spells: 1 memorised, 5 levels left

rFire  . . .     SeeInvis +     b - +0 blowgun
rCold  . . .     Gourm    .     c - +0 robe
rNeg   . . .     Faith    .     (shield restricted)
rPois  .         Spirit   .     (helmet restricted)
rElec  .         Dismiss  .     d - +0 cloak
rCorr  .         Reflect  .     (gloves unavailable)
SustAt .         Harm     .     (boots unavailable)
MR     .....                    (no amulet)
Stlth  ++++......               (no ring)
                                (no ring)

@: very quick, not resistant to hostile enchantments, stealthy
A: unfitting armour, see invisible, herbivore 3, speed 3, slow metabolism 2
a: no special abilities


You were on level 4 of the Dungeon.
You were full.

You visited 1 branch of the dungeon, and saw 4 of its levels.

You collected 195 gold pieces.

Inventory:

Hand Weapons
 a - a +2 dagger
 b - a +0 blowgun (weapon)
Missiles
 e - 36 poisoned needles (quivered)
 t - 2 needles of sleeping
Armour
 c - a +0 robe (worn)
 d - a +0 cloak (worn)
Jewellery
 p - an uncursed ring of wizardry {unknown}
Wands
 n - a wand of lightning (11/15)
Scrolls
 h - a scroll of magic mapping {unknown}
 i - a scroll of amnesia {unknown}
 j - a scroll of fog {unknown}
 k - a scroll of identify {unknown}
 l - a scroll of blinking {unknown}
 s - 3 scrolls of remove curse {unknown}
 v - a scroll of teleportation {unknown}
 w - 2 scrolls of random uselessness {unknown}
 x - a scroll of noise {unknown}
Potions
 m - 2 potions of curing {unknown}
 o - a potion of brilliance {unknown}
 q - 2 potions of mutation {unknown}
 u - a potion of berserk rage {unknown}
Books
 r - a book of Beasts

   Spells                             Type                      Level
   a - Summon Butterflies             Summoning                    1
   b - Call Canine Familiar           Summoning                    3
   c - Summon Ice Beast               Ice/Summoning                4
   d - Summon Mana Viper              Hexes/Summoning              5
   e - Summon Hydra                   Summoning                    7
Comestibles
 g - 4 bread rations


   Skills:
 + Level 2.0 Fighting
 * Level 3.5 Short Blades
 + Level 2.7 Throwing
 + Level 1.2 Armour
 * Level 3.4 Dodging
 * Level 7.0 Stealth
 + Level 1.3 Spellcasting
 + Level 0.4 Summonings


You had 5 spell levels left.
You knew the following spells:

 Your Spells              Type           Power        Failure   Level  Hunger
a - Summon Butterflies    Summ           #.......     28%         1    ##.....


Dungeon Overview and Level Annotations

Branches:
Dungeon (4/15)             Temple (0/1) D:4

Altars:
Gozag
Nemelex Xobeh
Pakellas

Shops:
D:4 *

Annotations:
D:4 Grinder; Menkaure; epen's ghost, amateur SpAs


Innate Abilities, Weirdness & Mutations

You are tiny and cannot use many weapons and most armour.
You have supernaturally acute eyesight.
You are a herbivore.
You cover ground extremely quickly.
You need consume almost no food.


Message History

Aim: Grinder You shoot a poisoned needle.
The poisoned needle closely misses Grinder.
Grinder hits you!
You writhe in agony.
Firing (i - inventory. (,) - cycle):
e - 38 poisoned needles (quivered)
Press: ? - help, Shift-Dir - straight line, f/p - Grinder
Aim: Grinder You shoot a poisoned needle.
The poisoned needle hits Grinder.
Grinder is poisoned.
Grinder gestures at you. You resist with significant effort.
Firing (i - inventory. (,) - cycle):
e - 37 poisoned needles (quivered)
Press: ? - help, Shift-Dir - straight line, f/p - Grinder
Aim: Grinder (poisoned)
You shoot a poisoned needle. The poisoned needle hits Grinder.
Grinder looks even sicker.
Grinder hits you.
You writhe in agony.
* * * LOW HITPOINT WARNING * * *
Grinder gestures at you. Pain shoots through your body!
You die...

.###
#..##...>.########..#
# #..##.....# #.##
##$.......# #.#
#.##.(...# #.#
#.##.....# #†#
#.######## #†# ####
#h# #†# ....
.M########## #.# ###
.........@.# #.#
#.########.######.# #
#.# #.5((((..# #
..........###.#
......# #####.###.#
#.# ####### #.
#.....# # .. #.#####
##. ..# ## ###


You could see Grinder.

Vanquished Creatures
  2 orc priests (D:4)
  An orc wizard (D:4)
  Robin (D:4)
  An adder (D:2)
  An ooze (D:3)
  A worm (D:3)
  A dart slug (D:3)
  3 giant geckos
  8 orcs (D:4)
  4 giant cockroaches
  14 goblins
  9 hobgoblins
  10 jackals
  3 quokkas
  3 ball pythons
  10 bats
  3 giant newts
  A jackal skeleton (D:4)
  6 kobolds
  6 rats
88 creatures vanquished.

Notes
Turn   | Place    | Note
--------------------------------------------------------------
     0 | D:1      | epen the Spriggan Assassin began the quest for the Orb.
     0 | D:1      | Reached XP level 1. HP: 10/10 MP: 2/2
   158 | D:1      | Reached XP level 2. HP: 15/15 MP: 3/3
   492 | D:1      | Reached skill level 6 in Stealth
  1301 | D:2      | Reached XP level 3. HP: 11/18 MP: 4/4
  1547 | D:2      | Found a sparkling altar of Nemelex Xobeh.
  1548 | D:2      | Found an opulent altar of Gozag.
  2426 | D:3      | Learned a level 1 spell: Summon Butterflies
  2614 | D:3      | Reached XP level 4. HP: 12/23 MP: 5/5
  3242 | D:4      | Found an oddly glowing altar of Pakellas.
  3244 | D:4      | Reached skill level 1 in Armour
  3244 | D:4      | Reached skill level 1 in Spellcasting
  3323 | D:4      | Reached XP level 5. HP: 26/26 MP: 7/7
  3437 | D:4      | Found Meessi's Assorted Antiques.
  3467 | D:4      | Found a staircase to the Ecumenical Temple.
  3704 | D:4      | Noticed Robin
  3903 | D:4      | Killed Robin
  4008 | D:4      | Noticed epen's ghost (amateur SpAs)
  4233 | D:4      | Noticed Menkaure
  4276 | D:4      | Reached skill level 7 in Stealth
  4349 | D:4      | Noticed Grinder
  4364 | D:4      | Killed from afar by Grinder

Skill      XL: |  1  2  3  4  5 |
---------------+----------------+-----
Stealth        | 6 7 |  7.0
Dodging        | 2 3 |  3.4
Short Blades   | 3 |  3.5
Armour         | 1 |  1.2
Spellcasting   | 1 |  1.3
Fighting       | 2 |  2.0
Throwing       | |  2.7
Summonings     | |  0.4

Action                   |  1- 3 |  4- 6 || total
-------------------------+-------+-------++-------
Melee: Dagger            |   147 |   144 ||   291
 Fire: Blowgun           |    14 |    13 ||    27
 Stab: Sleeping          |    17 |     9 ||    26
       Distracted        |       |     2 ||     2
  Eat: Bread ration      |       |     1 ||     1
Armor: Robe              |    20 |     9 ||    29
Dodge: Dodged            |   110 |    99 ||   209
